 Dungeon Crawl Stone Soup version 0.19-a0-805-g0a78ef0 (webtiles) character file.

79 TheGoonsmith the Insei (level 4, -1/21 HPs)
             Began as a Vine Stalker Transmuter on June 27, 2016.
             Was an Initiate of Ru.
             Slain by Crazy Yiuf
             ... wielding a +2 quarterstaff of chaos
              (4 damage)
             ... while paralysed by Crazy Yiuf
             ... on level 2 of the Dungeon.
             The game lasted 00:02:34 (1288 turns).

TheGoonsmith the Insei (Vine Stalker Transmuter)    Turns: 1288, Time: 00:02:35

Health: -1/21      AC:  2    Str: 12    XL:     4   Next: 38%
Magic:  0/8        EV:  2    Int: 14    God:    Ru [......]
Gold:   109        SH:  0    Dex: 15    Spells: 3 memorised, 1 level left

rFire  . . .     SeeInvis .       - Unarmed
rCold  . . .     Gourm    .     b - +0 robe
rNeg   . . .     Faith    .     (no shield)
rPois  .         Spirit   +     (no helmet)
rElec  .         Dismiss  .     (no cloak)
rCorr  .         Reflect  .     (no gloves)
SustAt .         Harm     .     (boots currently unavailable)
MR     .....                    (no amulet)
Stlth  +.........               (no ring)
                                (no ring)

@: paralysed, appendage, drained, not resistant to hostile enchantments, very
unstealthy
A: fangs 2, talons 3, regeneration 1, magic shield, antimagic bite, no device
heal 3, rot immunity
a: End Transformation, Renounce Religion


You were on level 2 of the Dungeon.
You worshipped Ru.
Ru was noncommittal.
You were not hungry.
You had grown temporary talons.
You visited 1 branch of the dungeon, and saw 2 of its levels.

You collected 109 gold pieces.

Inventory:

Missiles
 a - 33 arrows
Armour
 b - a +0 robe (worn)
Jewellery
 e - an uncursed ring of sustain attributes {unknown}
Scrolls
 g - 2 scrolls of amnesia {unknown}
 h - 3 scrolls of identify {unknown}
 i - a scroll of noise {unknown}
 k - 3 scrolls of blinking {unknown}
 l - a scroll of fog {unknown}
 n - a scroll of fear {unknown}
Potions
 j - a potion of curing {unknown}
 o - a potion of magic {unknown}
 p - a potion of cancellation {unknown}
 q - a potion of haste {unknown}
 r - a potion of lignification {unknown}
 s - a potion of brilliance {unknown}
Books
 c - a book of Changes

   Spells                             Type                      Level
   a - Beastly Appendage              Transmutation                1
   b - Sticks to Snakes               Transmutation                2
   c - Spider Form                    Transmutation/Poison         3
   d - Ice Form                       Ice/Transmutation            4
   e - Blade Hands                    Transmutation                5
Comestibles
 f - a beef jerky
 m - a slice of pizza


   Skills:
 - Level 0.8(0.6) Fighting
 - Level 1.5(1.3) Dodging
 + Level 4.4(4.1) Unarmed Combat
 - Level 2.1(1.9) Spellcasting
 + Level 3.1(2.8) Transmutations


You had one spell level left.
You knew the following spells:

 Your Spells              Type           Power        Failure   Level  Hunger
a - Beastly Appendage     Tmut           #.....       10%         1    ##.....
b - Sticks to Snakes      Tmut           #.......     14%         2    ###....
c - Spider Form           Tmut/Pois      #.........   47%         3    ####...


Dungeon Overview and Level Annotations

Branches:
Dungeon (2/15)

Altars:
Ru

Annotations:
D:2 Crazy Yiuf


Innate Abilities, Weirdness & Mutations

You have extremely sharp teeth.
Your natural rate of healing is unusually fast.
When hurt, damage is shared between your health and your magic reserves.
Your bite disrupts and absorbs the magic of your enemies.
Potions and wands cannot restore your health.
You are immune to rotting.
You have claws for feet.


Message History

Crazy Yiuf is heavily wounded.
Crazy Yiuf whimpers, "Pitchfork horse tortoise!"
Crazy Yiuf misses you.
You barely miss Crazy Yiuf. Your kick misses Crazy Yiuf.
Your bite misses Crazy Yiuf.
Crazy Yiuf is heavily wounded.
Crazy Yiuf closely misses you.
You hit Crazy Yiuf. Your bite misses Crazy Yiuf.
Crazy Yiuf is severely wounded.
You hit Crazy Yiuf but do no damage. You claw Crazy Yiuf, but do no damage.
You bite Crazy Yiuf, but do no damage.
Crazy Yiuf is severely wounded.
Crazy Yiuf hits you with a quarterstaff of chaos.
You suddenly lose the ability to move!
Crazy Yiuf hits you with a quarterstaff of chaos.
You feel drained.
Crazy Yiuf hits you with a quarterstaff of chaos!
* * * LOW HITPOINT WARNING * * *
Crazy Yiuf freezes you.
You die...

#####.................# #....
#.................#######....
#....>.###########...........
#......# ########.#..
#####......# #####
########.#.# ...........#
#..)# #...........
...........# #...#
#....###.#.# ......######
#.g.# #....# #.#.. ......#
#@# #....# #.### ......######
♣♣.♣ #....# #....
...........# ♣.♣♣ #....#
##### ...........# ♣♣.♣
#....# ######.....# ♣.♣♣
#....# ##### #.....# ♣♣.♣♣
#....###.... #.....# ♣^..♣♣
#.....##.... #.....# ♣....♣
#.....##.... #.....# ##..##
#...........


You could see Crazy Yiuf.

Vanquished Creatures
  Jessica (D:2)
  Ijyb (D:2)
  A dart slug (D:2)
  3 giant geckos (D:2)
  2 bats
  6 goblins
  5 hobgoblins
  A kobold (D:2)
  3 rats
23 creatures vanquished.

Notes
Turn   | Place    | Note
--------------------------------------------------------------
     0 | D:1      | TheGoonsmith the Vine Stalker Transmuter began the quest for the Orb.
     0 | D:1      | Reached XP level 1. HP: 9/9 MP: 4/4
   212 | D:1      | Reached XP level 2. HP: 14/14 MP: 6/6
   584 | D:2      | Found a sacrificial altar of Ru.
   594 | D:2      | Noticed Ijyb
   609 | D:2      | Killed Ijyb
   609 | D:2      | Reached skill level 4 in Unarmed Combat
   609 | D:2      | Reached XP level 3. HP: 17/17 MP: 7/7
   615 | D:2      | Became a worshipper of Ru the Awakened
   753 | D:2      | Learned a level 2 spell: Sticks to Snakes
   757 | D:2      | Learned a level 3 spell: Spider Form
   850 | D:2      | Noticed Jessica
   860 | D:2      | Killed Jessica
   860 | D:2      | Reached XP level 4. HP: 8/21 MP: 6/8
  1021 | D:2      | Found a runed door.
  1278 | D:2      | Noticed Crazy Yiuf
  1286 | D:2      | Paralysed by Crazy Yiuf for 7 turns
  1288 | D:2      | Slain by Crazy Yiuf

Vault maps used:
D:1:      co_arrival_square_in_a_square_in_a_square
D:2:      hangedman_ru_absence, uniq_iyjb, uniq_jessica, uniq_crazy_yiuf_cottage

Skill      XL: |  1  2  3 |
---------------+----------+-----
Unarmed Combat | 4 |  4.4
Transmutations | 3 |  3.1
Fighting       | |  0.8
Dodging        | |  1.5
Spellcasting   | |  2.1

Action                   |  1- 3 |  4- 6 || total
-------------------------+-------+-------++-------
Melee: Unarmed           |    52 |    21 ||    73
       Bite              |    13 |     9 ||    22
       Headbutt          |     4 |     3 ||     7
       Kick              |     1 |     2 ||     3
 Cast: Beastly Appendage |    14 |     4 ||    18
  Eat: Bread ration      |       |     1 ||     1
Armor: Robe              |     6 |     2 ||     8
Dodge: Dodged            |    23 |     6 ||    29
